 Dungeon Crawl Stone Soup version 0.28.0-43-g3370ac3207 (webtiles) character file.

Game seed: 8886031361018877068

6217 Bearnado the Basher (level 10, -1/150 HPs)
             Began as a Minotaur Berserker on Mar 7, 2022.
             Was an Elder of Trog.
             Slain by a red devil
             ... wielding a +3 demon trident of venom
             ... summoned by an orc sorcerer
              (9 damage)
             ... in a bailey.
             The game lasted 00:29:16 (7721 turns).

Bearnado the Basher (Minotaur Berserker)            Turns: 7721, Time: 00:29:17

Health: -1/150     AC:  2    Str: 25    XL:     10   Next: 61%
Magic:  9/9        EV: 13    Int:  4    God:    Trog [****..]
Gold:   478        SH:  8    Dex: 11    Spells: 9/9 levels left

rFire   . . .      SeeInvis .   A - +9 mace of Resourcefulness {vamp, rPois}
rCold   + . .      Faith    +   N - +0 buckler
rNeg    . . .      Spirit   .   F - +0 troll leather armour {Pargi}
rPois   +          Reflect  .   (helmet restricted)
rElec   .          Harm     .   T - +0 cloak
rCorr   +          Rampage  .   (no gloves)
Will    ++...                   (no boots)
Stlth   ..........              Y - amulet of faith
HPRegen 2.15/turn               b - ring of protection from cold
MPRegen 0.11/turn               M - ring of resist corrosion

@: berserking, lethally poisoned (-1 -> -2), strong-willed, spiked, corroded,
regenerating, very quick
A: horns 2, retaliatory headbutt, large bone plates 1, robust 1
a: Renounce Religion, Berserk, Trog's Hand, Brothers in Arms


You were in a bailey.
You worshipped Trog.
Trog was greatly pleased with you.
You visited 1 branch of the dungeon, and saw 9 of its levels.
You also visited: Sewer and Bailey.

You collected 478 gold pieces.

Inventory:

Hand Weapons
 q - a +0 vorpal spear
 s - a +0 hunting sling
 u - a +4 hand axe
 A - the +9 mace of Resourcefulness (weapon) {vamp, rPois}
   (You found it on level 4 of the Dungeon)

   It occasionally heals its wielder for a portion of the damage dealt when it
   wounds a living foe.
   rPois:     It protects you from poison.
 K - a +0 halberd
 S - a +4 quarterstaff of chaos
Missiles
 d - 20 sling bullets
 f - 53 bolts
 k - 154 arrows
 o - 3 silver javelins
 V - 13 poisoned darts
Armour
 F - a +0 troll leather armour (worn) {Pargi}
 L - a +0 plate armour
 N - a +0 buckler (worn)
 R - +0 steam dragon scales
 T - a +0 cloak (worn)
Jewellery
 b - a ring of protection from cold (left hand)
 M - a ring of resist corrosion (right hand)
 O - an amulet of magic regeneration
 X - a ring of protection from cold
 Y - an amulet of faith (around neck)
Wands
 r - a wand of paralysis (6)
 y - a wand of acid (4) (quivered)
Scrolls
 a - a scroll of acquirement
 w - 3 scrolls of teleportation
Potions
 c - a potion of mutation
 e - 3 potions of cancellation
 i - 2 potions of resistance
 j - 2 potions of lignification
 l - 5 potions of curing
 x - 2 potions of flight
Miscellaneous
 m - a box of beasts


   Skills:
 + Level 9.0 Fighting
 + Level 10.4 Maces & Flails
 + Level 7.9 Polearms
 + Level 3.8 Throwing
 + Level 7.5 Armour
 + Level 6.5 Dodging
 + Level 3.3 Stealth
 + Level 1.9 Shields
 + Level 0.1 Evocations


You had 9 spell levels left.
You didn't know any spells.
Your spell library was empty.

Dungeon Overview and Level Annotations

Branches:
Dungeon (9/15)             Temple (0/1) D:6           Sewer (visited)
 Bailey (1/1)
   Lair: D:8-11         Orc: D:9-12

Altars:
Nemelex Xobeh

Shops:
D:4 (   D:5 :

Annotations:
D:6 3 runed translucent doors, hikkokomori's ghost, novice GrEE


Innate Abilities, Weirdness & Mutations

You have a pair of horns on your head.
You reflexively headbutt those who attack you in melee.
You are partially covered in large bone plates. (SH +4)
You are robust. (+10% HP)


Message History

Your ogre barely misses the orc high priest.
You thump the orc high priest!
You feel better.
The orc high priest is moderately wounded.
The red devil hits you from afar with a +3 demon trident of venom!!
Barbed spikes become lodged in your body.
You are poisoned.
The orc high priest hits you with a +0 war axe!
The orc high priest hits your ogre with a +0 war axe.
A red film seems to cover your vision as you go berserk!
You feel yourself moving faster!
You feel mighty!
You feel very sick. The red devil misses you.
Your ogre closely misses the orc high priest.
You block the orc's attack.
The soul eater draws from the surrounding life force!
* * * LOW HITPOINT WARNING * * *
The orc high priest hits you with a +0 war axe.
* * * LOW HITPOINT WARNING * * *
The orc high priest hits your ogre with a +0 war axe!
The barbs in your skin will harm you if you move.
Continue?
Okay, then.
You sock the orc high priest!
The orc high priest is heavily wounded.
You feel sick.
The red devil hits you from afar with a +3 demon trident of venom!
* * * LOW HITPOINT WARNING * * *
Barbed spikes become lodged in your body.
Your ogre hits the orc high priest with a +0 giant spiked club!!
Okay, then.
You sock the orc high priest!
You kill the orc high priest!
Trog accepts your kill.
You feel sick.
Your Fighting skill increases to level 9!
You sock the orc!
You feel better.
You kill the orc!
Trog accepts your kill.
You feel sick.
The red devil hits you from afar with a +3 demon trident of venom!
You die...

#....'.....#)......#
≈≈≈≈≈#....#....)).8.8.8.#
#≈≈≈≈≈#.##############.).####
#≈≈≈≈≈≈.# #..)...# #≈≈≈≈≈≈.#
#......# #≈≈≈≈≈≈.# #####''#
#≈≈≈≈≈≈.######### #.....#
#≈≈≈≈≈≈.#..8O8g.#... #...).'
#≈≈≈≈≈≈∩..).@o4.'._. #..⌠).'
#≈≈≈≈≈≈.#..8)83.#... #...).'
#≈≈≈≈≈≈.######### #.....#
#≈≈≈≈≈≈.#..# #####''#
#≈≈≈≈≈≈.#[[# #......#
#≈≈≈≈≈≈.#[['.# #......#
#≈≈≈≈≈#.##############...####
#≈≈≈≈≈#....#...))'.8.8.8.#
#≈≈≈≈≈#....'...))#...)...#


You could see a soul eater (summoned), an orc sorcerer (ally target), a red
devil (summoned), a hobgoblin and a friendly ogre (summoned, berserk).

Vanquished Creatures
  2 two-headed ogres (D:8)
  An orc high priest (Bailey)
  Grinder (D:6)
  A wyvern (D:7)
  3 steam dragons
  Menkaure (D:6)
  An acid dragon (D:9)
  A water moccasin (D:3)
  Duvessa (D:6)
  3 black bears
  7 orc warriors (Bailey)
  A sky beast (D:7)
  Pargi (Sewer)
  An ogre (D:5)
  2 ice beasts (D:8)
  A necrophage (D:7)
  2 phantoms
  2 centaurs
  A kobold brigand (D:9)
  4 bullfrogs
  A wyvern zombie (D:8)
  Dowan (D:6)
  6 killer bees (D:7)
  3 electric eels
  A howler monkey (D:7)
  A jelly (D:6)
  4 hounds
  An orc priest (D:3)
  Crazy Yiuf (D:7)
  A gnoll shaman (D:9)
  A bullfrog skeleton (D:4)
  Jessica (D:2)
  5 iguanas
  2 orc wizards (D:3)
  A hound zombie (D:5)
  13 gnolls
  A howler monkey skeleton (D:4)
  A river rat (D:5)
  5 adders
  2 white imps
  An ufetubus (D:5)
  A worm (D:5)
  2 dart slugs
  12 orcs
  11 ball pythons
  8 endoplasms
  4 giant cockroaches
  14 goblins
  15 hobgoblins
  12 kobolds
  2 quokkas
  4 bats
  8 frilled lizards
  4 rats
187 creatures vanquished.

Notes
Turn   | Place    | Note
-------+----------+-------------------------------------------
     0 | D:1      | Bearnado the Minotaur Berserker began the quest for the
                  | Orb.
     0 | D:1      | Reached XP level 1. HP: 19/19 MP: 0/0
   228 | D:1      | Reached XP level 2. HP: 25/27 MP: 1/1
   489 | D:2      | Found a faded altar of an unknown god.
   740 | D:2      | Noticed Jessica
   746 | D:2      | Killed Jessica
   747 | D:2      | Reached XP level 3. HP: 27/34 MP: 2/2
  1482 | D:3      | Found a sparkling altar of Nemelex Xobeh.
  1497 | D:3      | Noticed a water moccasin
  1509 | D:3      | Killed a water moccasin
  1510 | D:3      | Reached skill level 5 in Fighting
  1510 | D:3      | Reached skill level 5 in Polearms
  1510 | D:3      | Reached XP level 4. HP: 21/42 MP: 3/3
  1510 | D:3      | Reached XP level 5. HP: 24/48 MP: 4/4
  2114 | D:3      | Reached ** piety under Trog
  2159 | D:3      | Reached XP level 6. HP: 45/56 MP: 5/5
  3134 | D:4      | Reached XP level 7. HP: 55/62 MP: 6/6
  3393 | D:4      | Found Wuuzuwar's Antique Weapon Shoppe.
  3654 | D:4      | Identified the +9 mace of Resourcefulness {vamp, rPois}
  3672 | D:5      | Entered Level 5 of the Dungeon
  3672 | D:5      | Found Vuloekh's Book Shop.
  3840 | D:5      | Reached skill level 5 in Armour
  3990 | D:5      | Reached skill level 1 in Stealth
  4234 | D:5      | Reached *** piety under Trog
  4243 | D:5      | Found a glowing drain.
  4262 | Sewer    | Entered a sewer
  4337 | Sewer    | Noticed Pargi
  4345 | Sewer    | Killed Pargi
  4346 | Sewer    | Reached skill level 1 in Maces & Flails
  4560 | D:5      | Reached skill level 2 in Maces & Flails
  4560 | D:5      | Reached XP level 8. HP: 70/70 MP: 7/7
  4782 | D:6      | Found a staircase to the Ecumenical Temple.
  4787 | D:6      | Reached skill level 3 in Maces & Flails
  4809 | D:6      | Reached skill level 1 in Throwing
  4814 | D:6      | Noticed Menkaure
  4815 | D:6      | Noticed Duvessa
  4819 | D:6      | Noticed Dowan
  4821 | D:6      | Killed Menkaure
  4822 | D:6      | Reached skill level 4 in Maces & Flails
  4830 | D:6      | Killed Duvessa
  4837 | D:6      | Killed Dowan
  4946 | D:6      | Noticed a two-headed ogre
  4946 | D:6      | Noticed hikkokomori's ghost (novice GrEE)
  4947 | D:6      | Noticed a four-headed hydra
  4959 | D:6      | Found a runed translucent gate.
  4959 | D:6      | Found a runed translucent gate.
  4960 | D:6      | Found a runed translucent gate.
  5063 | D:6      | Noticed Grinder
  5073 | D:6      | Killed Grinder
  5074 | D:6      | Reached skill level 5 in Maces & Flails
  5431 | D:6      | Reached skill level 6 in Maces & Flails
  5665 | D:7      | Reached XP level 9. HP: 79/79 MP: 8/8
  5801 | D:7      | Reached skill level 7 in Maces & Flails
  6055 | D:7      | Found a runed translucent door.
  6056 | D:7      | Noticed Crazy Yiuf
  6061 | D:7      | Killed Crazy Yiuf
  6304 | D:7      | Reached skill level 5 in Dodging
  6308 | D:7      | Reached skill level 8 in Maces & Flails
  6613 | D:8      | Noticed a two-headed ogre
  6618 | D:8      | HP: 1/79 [two-headed ogre/+0 giant club (13)]
  6619 | D:8      | Killed a two-headed ogre
  6620 | D:8      | Reached skill level 9 in Maces & Flails
  6836 | D:8      | Noticed a two-headed ogre
  6845 | D:8      | Killed a two-headed ogre
  6846 | D:8      | Reached XP level 10. HP: 88/88 MP: 9/9
  6999 | D:8      | Noticed a purple ugly thing
  7043 | D:9      | Found a flagged portal.
  7068 | D:9      | Reached skill level 1 in Shields
  7075 | D:9      | Reached **** piety under Trog
  7277 | D:9      | Gained mutation: You are partially covered in large bone
                  | plates. (SH +4) [potion of mutation]
  7277 | D:9      | Gained mutation: You are robust. (+10% HP) [potion of
                  | mutation]
  7302 | Bailey   | Entered a bailey
  7460 | Bailey   | Reached skill level 10 in Maces & Flails
  7701 | Bailey   | Found an iron altar of Okawaru.
  7702 | Bailey   | Noticed an orc sorcerer
  7703 | Bailey   | Noticed an orc high priest
  7704 | Bailey   | Noticed a rust devil
  7705 | Bailey   | Noticed a soul eater
  7720 | Bailey   | Killed an orc high priest
  7720 | Bailey   | HP: 7/148 [poisoned by a red devil]
  7721 | Bailey   | Slain by a red devil

Illustrated notes

Levels and vault maps discovered:
D:1:      sevenhm_arrival_forest_fort_small_6, layout_basic
D:2:      layout_loops_ring, nicolae_ecumenical_pavilion, minmay_misc_feat_room,
          serial_bayou_pond_e, uniq_jessica
D:3:      minmay_chambers_of_twos, layout_basic, nemelex_spade_bored_becter
D:4:      layout_gridville, serial_shops, kennysheep_mini_moat
D:5:      layout_loops_ring, serial_shops, nicolae_shop_trees,
          portal_sewer_entry_e
D:6:      layout_cave_pods, minmay_temple_entry_mini_moons,
          gammafunk_ghost_split, uniq_menkaure, uniq_duvessa, uniq_grinder
D:7:      layout_loops_corners, uniq_crazy_yiuf_cottage
D:8:      layout_rooms, onia_ninara_dug_in_and_dangerous
D:9:      minmay_spotlight, layout_basic,
          grunt_temple_overflow_lords_of_destruction, overflow_temple_1_default,
          enter_bailey_4
Bailey:   bailey_axe_of_yendor_kennysheep, bailey

Skill      XL: |  1  2  3  4  5  6  7  8  9 10 |
---------------+-------------------------------+-----
Polearms       | 4 5 7 |  7.9
Fighting       | 4 5 6 7 8 9 |  9.0
Armour         | 3 4 5 6 7 |  7.5
Stealth        | 1 2 3 |  3.3
Dodging        | 3 6 |  6.5
Maces & Flails | 2 6 9 10 | 10.4
Throwing       | 1 2 3 |  3.8
Shields        | 1 |  1.9
Evocations     | |  0.1

Action                   |  1- 3 |  4- 6 |  7- 9 | 10-12 || total
-------------------------+-------+-------+-------+-------++-------
Melee: Spear             |    79 |   138 |    15 |       ||   232
       Headbutt          |    11 |    16 |    31 |    14 ||    72
       Punch             |       |     1 |       |       ||     1
       Mace              |       |       |   152 |    88 ||   240
Throw: Boomerang         |       |       |    19 |    25 ||    44
       Javelin           |       |       |       |     1 ||     1
Invok: Berserk           |       |     1 |     3 |     1 ||     5
       Trog's Hand       |       |       |     1 |     1 ||     2
       Brothers in Arms  |       |       |       |     1 ||     1
Evoke: Wand              |       |       |       |     2 ||     2
  Use: Scroll            |       |       |       |     9 ||     9
       Potion            |       |       |       |     1 ||     1
 Stab: Sleeping          |       |       |     1 |     2 ||     3
Armor: Animal skin       |     6 |       |       |       ||     6
       Chain mail        |    10 |    49 |    32 |       ||    91
       Troll leather arm |       |       |    30 |     7 ||    37
Dodge: Dodged            |    21 |    30 |   111 |    39 ||   201
Block: Buckler           |       |       |     9 |    23 ||    32
